 Dungeon Crawl Stone Soup version 0.30-b1-2-g02819fbbbe (webtiles) character file.

Game seed: 7243451243642769757

43285 snakesoul the Geomancer (level 14, -4/88 HPs)
             Began as a Gargoyle Earth Elementalist on June 12, 2023.
             Was an Elder of Vehumet.
             Slain by an alligator snapping turtle (6 damage)
             ... on level 2 of the Lair of Beasts.
             The game lasted 01:12:18 (23356 turns).

snakesoul the Geomancer (GrEE)                     Turns: 23356, Time: 01:12:19

Health: -4/88      AC: 23    Str: 12    XL:     14   Next: 23%
Magic:  12/28      EV: 15    Int: 21    God:    Vehumet [****..]
Gold:   205        SH: 10    Dex: 10    Spells: 4/34 levels left

rFire   + . .        D - staff of cold
rCold   + . .        Y - +0 kite shield {reflect}
rNeg    + . .        P - +0 steam dragon scales
rPois   ∞            (no helmet)
rElec   +            B - +0 cloak
rCorr   .            a - +1 pair of gloves "Irhiudgh" {rF+}
SInv    .            H - +0 pair of boots
Will    .....        (no amulet)
Stlth   ++           t - +4 ring of protection
HPRegen 0.34/turn    G - +5 ring of evasion
MPRegen 0.21/turn

%: reflection
@: weak-willed, flying, studying Fighting
A: sickness immunity, AC +10, big wings, negative energy resistance 1,
electricity resistance, torment resistance 1, petrification resistance
a: Renounce Religion


You were on level 2 of the Lair of Beasts.
You worshipped Vehumet.
Vehumet was greatly pleased with you.
You visited 5 branches of the dungeon, and saw 21 of its levels.
You visited 1 bazaar.

You collected 912 gold pieces.
You spent 707 gold pieces at shops.

Inventory:

Hand Weapons
 L - a +2 dagger of flaming
Missiles
 b - a throwing net
Armour
 a - the +1 pair of gloves "Irhiudgh" (worn) {rF+}
   (You found it on level 10 of the Dungeon)

   rF:        It protects you from fire.
 B - a +0 cloak (worn)
 H - a +0 pair of boots (worn)
 P - +0 steam dragon scales (worn)
 Y - a +0 kite shield of reflection (worn)
Magical Staves
 D - a staff of cold (weapon)
Jewellery
 k - a ring of protection from fire
 t - a +4 ring of protection (left hand)
 G - a +5 ring of evasion (right hand)
 N - a ring of protection from cold
 S - a ring of protection from cold
 T - a ring of protection from cold
Wands
 n - a wand of light (5)
 o - a wand of digging (10)
 y - a wand of flame (41)
 z - a wand of roots (19)
 F - a wand of polymorph (10)
 O - a wand of charming (7)
 R - a wand of mindburst (16)
Scrolls
 c - 4 scrolls of enchant armour
 h - 4 scrolls of amnesia
 l - 4 scrolls of immolation {unknown}
 m - 4 scrolls of enchant weapon {unknown}
 p - a scroll of noise {unknown}
 w - 3 scrolls of acquirement {unknown}
 C - 3 scrolls of poison {unknown}
 E - 4 scrolls of teleportation
 K - a scroll of fog {unknown}
 Q - 2 scrolls of magic mapping {unknown}
 U - 5 scrolls of identify
 V - 2 scrolls of vulnerability {unknown}
 W - a scroll of torment {unknown}
 X - a scroll of brand weapon {unknown}
Potions
 d - 2 potions of degeneration
 e - 4 potions of might
 f - a potion of flight {unknown}
 g - 3 potions of lignification
 i - a potion of resistance
 j - 4 potions of attraction
 q - 5 potions of haste
 r - 3 potions of ambrosia {unknown}
 s - 4 potions of berserk rage
 x - 5 potions of brilliance
 A - 7 potions of curing
 I - a potion of invisibility
 J - 6 potions of mutation {unknown}
Miscellaneous
 M - a tin of tremorstones (2/2)


   Skills:
 + Level 10.7 Fighting
 - Level 1.5 Dodging
 - Level 2.1 Stealth
 + Level 8.5 Shields
 + Level 10.7 Spellcasting
 * Level 11.6 Conjurations
 - Level 4.6 Transmutations
 - Level 6.9 Air Magic
 + Level 14.6 Earth Magic


You had 4 spell levels left.
You knew the following spells:

 Your Spells              Type           Power      Damage    Failure   Level
a - Sandblast             Erth           100%       2d20      1%          1
b - Stone Arrow           Conj/Erth      100%       3d13      1%          3
c - Petrify               Tmut/Erth      51%        N/A       3%          4
d - Swiftness             Air            40%        N/A       3%          3
e - Lee's Rapid Deconstr  Erth           32%        3d16*     1%          5
f - Passwall              Tmut/Erth      42%        N/A       1%          2
g - Poisonous Vapours     Pois/Air       50%        N/A       1%          2
h - Airstrike             Air            20%        2d(3-19)  2%          4
i - Fulminant Prism       Conj/Hex       17%        3d10      4%          4
j - Searing Ray           Conj           100%       2d8       1%          2

Your spell library contained the following spells:

 Spells                   Type           Power      Damage    Failure   Level
 Hailstorm                Conj/Ice       52%        3d12      1%          3
 Magic Dart               Conj           100%       1d8       1%          1
 Static Discharge         Conj/Air       100%       2-7/arc   1%          2
 Dazzling Flash           Conj/Hex       70%        N/A       1%          3
 Mephitic Cloud           Conj/Pois/Air  37%        N/A       1%          3
 Flame Wave               Conj/Fire      35%        2d10      4%          4
 Iskenderun's Mystic Bla  Conj/Tloc      35%        2d8       4%          4
 Scorch                   Fire           22%        2d6       7%          2
 Leda's Liquefaction      Hex/Erth       20%        N/A       9%          4
 Inner Flame              Hex/Fire       11%        N/A       13%         3
 Volatile Blastmotes      Fire/Tloc      22%        2d11      13%         3
 Spider Form              Tmut/Pois      20%        N/A       21%         3
 Call Imp                 Summ           22%        N/A       26%         2
 Ensorcelled Hibernation  Hex/Ice        32%        N/A       26%         2
 Lesser Beckoning         Tloc           22%        N/A       26%         2
 Summon Lightning Spire   Summ/Air       25%        N/A       38%         4
 Gell's Gravitas          Tloc           11%        N/A       45%         3
 Teleport Other           Tloc           11%        N/A       45%         3
 Anguish                  Hex/Necr       5%         N/A       86%         4
 Passage of Golubria      Tloc           11%        N/A       86%         4
 Irradiate                Conj/Tmut      22%        3d19      4%          5
 Freezing Cloud           Conj/Ice/Air   27%        6-21      11%         5
 Borgnjor's Vile Clutch   Necr/Erth      20%        N/A       24%         5
 Starburst                Conj/Fire      17%        6d6       50%         6
 Silence                  Hex/Air        12%        N/A       75%         5
 Lehudib's Crystal Spear  Conj/Erth      30%        10d8      75%         8
 Alistair's Intoxication  Tmut/Pois      13%        N/A       88%         5
 Eringya's Noxious Bog    Tmut/Pois      10%        N/A       91%         6
 Summon Forest            Summ/Tloc      5%         N/A       99%         5
 Summon Cactus Giant      Summ           5%         N/A       100%        6
 Sublimation of Blood     Necr           Unusable   N/A       N/A         2
 Statue Form              Tmut/Erth      Unusable   N/A       N/A         6

Dungeon Overview and Level Annotations

Branches:
Dungeon (13/15)            Temple (1/1) D:6            Lair (5/5) D:11
 Shoals (1/4) Lair:2       Spider (0/4) Lair:2          Orc (1/2) D:10
  Slime: Lair:4-5    Vaults: D:13-14

Altars:
Ashenzari
Cheibriados
Dithmenos
Elyvilon
Fedhas
Gozag
Hepliaklqana
Kikubaaqudgha
Makhleb
Nemelex Xobeh
Okawaru
Qazlal
Ru
Sif Muna
Trog
Uskayaw
Vehumet
Wu Jian
Xom
Yredelemnul
Zin
The Shining One
Jiyva

Shops:
D:2 =   D:3 =   D:8 =   D:9 ?   D:11 ?(

Portals:
Abyss: D:12

Annotations:
D:11 2 transporters
D:12 2 transporters, Uvvog's ghost, journeyman GnNe
Lair:4 2 transporters, exclusion: 2 oklob plants, Golzeb's ghost, journeyman DsFi
Shoals:1 exclusion: obsidian statue
Orc:1 Harold


Innate Abilities, Weirdness & Mutations

You are immune to sickness and miasma.
Your stone body is resilient. (AC +10)
You are immune to poison.
Your large and strong wings let you fly.
You resist negative energy. (rN+)
You are resistant to electric shocks. (rElec)
You are resistant to unholy torment.
You are immune to petrification.


Message History

Confirm with . or Enter, or press ? or * to list all spells.
Aiming: Stone Arrow (safe; 1% risk of failure)
Press: ? - help, Shift-Dir - straight line, f - merfolk impaler
Aim: a merfolk impaler, wielding a +0 trident and wearing a +3 leather armour of positive energy (heavily wounded, 55% to hit)
The stone arrow misses the merfolk impaler.
The merfolk impaler hits you from afar with a +0 trident.
Unknown command.
Casting: Stone Arrow (safe; 1% risk of failure)
Confirm with . or Enter, or press ? or * to list all spells.
Aiming: Stone Arrow (safe; 1% risk of failure)
Press: ? - help, Shift-Dir - straight line, f/p - merfolk impaler
Aim: a merfolk impaler, wielding a +0 trident and wearing a +3 leather armour of positive energy (heavily wounded, 55% to hit)
The stone arrow hits the merfolk impaler!!
The merfolk impaler is almost dead.
The merfolk impaler misses you.
The alligator snapping turtle bites you from afar!!
* * * LOW HITPOINT WARNING * * *
The merfolk impaler hits you from afar with a +0 trident!
* * * LOW HITPOINT WARNING * * *
Unknown command.
Unknown command.
Casting: Stone Arrow (safe; 1% risk of failure)
Confirm with . or Enter, or press ? or * to list all spells.
Aiming: Lee's Rapid Deconstruction (mildly dangerous; 1% risk of failure)
Press: ? - help, Dir - move target, p - merfolk impaler A rock wall.
Okay, then.
Unknown command.
Casting: Lee's Rapid Deconstruction (mildly dangerous; 1% risk of failure)
Confirm with . or Enter, or press ? or * to list all spells.
Aiming: Stone Arrow (safe; 1% risk of failure)
Press: ? - help, Shift-Dir - straight line, f/p - merfolk impaler
Aim: a merfolk impaler, wielding a +0 trident and wearing a +3 leather armour of positive energy (almost dead, 55% to hit)
The stone arrow hits the merfolk impaler!!
You kill the merfolk impaler!
Vehumet accepts your kill.
You feel your power returning.
You hear a splash. x2
The alligator snapping turtle bites you from afar.
You die...

###P.## #..###...........# #.. #
##..# #...........P##### #.# #
#..###.#.##...##### #..
###.###..#####..# ###
##...###..#####.## #.
................## #####.
...#.#....#.###..## #.##.#
..##....#.#.# #.).### ###..##
#.##..#.#.#.####@.c.### ###.~....
.#...##.#........#t~~~###~~~.##.#
#........##.######...~)~[~...####
##...........# ###..#>#..###
..#.....###..# ##.###...###
.##..#..P#...# #P.# #####
........###..## #..# #.#
.....>....#...####.###.#
....÷....##..<.........#


You could see an alligator snapping turtle and a faun.

Vanquished Creatures
  Donald (Lair:2)
  A merfolk impaler (Lair:2)
  Josephine (D:11)
  2 hydras
  Erica (D:9)
  2 boulder beetles
  2 two-headed ogres (D:12)
  Urug (Lair:1)
  Sonja (D:12)
  2 sea snakes (Lair:2)
  A wizard (D:12)
  A deep elf pyromancer (D:13)
  2 manticores
  A merfolk siren (Lair:2)
  7 black mambas
  A cyclops (D:12)
  Maurice (D:11)
  11 cane toads
  A gargoyle (D:11)
  Joseph (D:7)
  An unseen horror (D:10)
  2 rime drakes
  12 komodo dragons
  4 kobold demonologists (D:12)
  4 merfolk (Lair:2)
  2 polar bears (Lair:5)
  3 trolls
  11 blink frogs
  A snapping turtle (Lair:2)
  A spriggan (shapeshifter) (D:13)
  7 slime creatures
  6 culicivoras (Lair:2)
  3 wraiths (D:11)
  A wyvern (Lair:4)
  A shadow (D:12)
  Grum (D:11)
  3 basilisks
  39 yaks
  4 vampire mosquitoes
  2 steam dragons
  Menkaure (D:4)
  An acid dragon (D:8)
  A sky beast (D:6)
  An ice beast (D:7)
  7 orc warriors
  21 water moccasins
  4 black bears
  2 ogres
  5 centaurs
  9 wolves
  3 kobold brigands
  A phantom (D:6)
  12 bullfrogs
  A gnoll sergeant (D:9)
  3 scorpions
  8 wights
  4 killer bees (D:10)
  2 howler monkeys
  4 hounds
  2 orc priests
  2 sleepcaps
  9 iguanas
  17 orc wizards
  A hell rat (Lair:3)
  8 gnolls
  9 adders
  A shadow imp (D:8)
  3 white imps
  2 ufetubi (D:6)
  2 worms
  3 dart slugs
  39 orcs
  3 endoplasms
  4 giant cockroaches
  11 goblins
  12 hobgoblins
  5 quokkas
  7 ball pythons
  5 bats
  12 frilled lizards
  20 kobolds
  9 rats
425 creatures vanquished.

Vanquished Creatures (others)
  10 fulminant prisms
  77 fungi
  103 plants
190 creatures vanquished.

Grand Total: 615 creatures vanquished

Notes
Turn   | Place    | Note
-------+----------+-------------------------------------------
     0 | D:1      | snakesoul the Gargoyle Earth Elementalist began the quest
                  | for the Orb.
     0 | D:1      | Reached XP level 1. HP: 10/10 MP: 3/3
   147 | D:1      | Reached XP level 2. HP: 15/15 MP: 1/5
   245 | D:1      | Reached skill level 4 in Earth Magic
   995 | D:2      | Reached XP level 3. HP: 19/19 MP: 4/7
  1237 | D:2      | Found Ufraitar's Jewellery Boutique.
  1309 | D:2      | Learned a level 3 spell: Stone Arrow
  1709 | D:3      | Reached XP level 4. HP: 24/24 MP: 6/8
  1984 | D:3      | Found Hekeos's Jewellery Shoppe.
  2174 | D:3      | Reached skill level 1 in Conjurations
  2220 | D:3      | Learned a level 4 spell: Petrify
  2438 | D:3      | Reached skill level 5 in Earth Magic
  2516 | D:4      | Reached skill level 1 in Transmutations
  2517 | D:4      | Reached XP level 5. HP: 28/28 MP: 4/9
  2603 | D:4      | Identified the +5 dagger of Mourning {antimagic, Str+4
                  | Dex-4 Stlth+}
  2637 | D:4      | Noticed a centaur
  2876 | D:4      | Reached XP level 6. HP: 14/32 MP: 1/11
  2975 | D:4      | Noticed Menkaure
  2979 | D:4      | Killed Menkaure
  3366 | D:4      | Reached skill level 6 in Earth Magic
  3557 | D:5      | Entered Level 5 of the Dungeon
  3562 | D:5      | Learned a level 3 spell: Swiftness
  3603 | D:5      | Reached XP level 7. HP: 35/36 MP: 7/13
  4489 | D:6      | Reached skill level 5 in Spellcasting
  4489 | D:6      | Reached skill level 7 in Earth Magic
  4489 | D:6      | Reached XP level 8. HP: 40/41 MP: 1/15
  5097 | D:6      | Reached skill level 8 in Earth Magic
  5533 | D:6      | Found a staircase to the Ecumenical Temple.
  5540 | Temple   | Entered the Ecumenical Temple
  6090 | D:6      | Learned a level 5 spell: Lee's Rapid Deconstruction
  6453 | D:7      | Reached XP level 9. HP: 34/45 MP: 3/18
  6980 | D:7      | Reached skill level 9 in Earth Magic
  7605 | D:7      | Noticed Joseph
  7628 | D:7      | Killed Joseph
  8046 | D:8      | Reached skill level 5 in Conjurations
  8313 | D:8      | Reached skill level 10 in Earth Magic
  8550 | D:8      | Found Soghin's Jewellery Shop.
  9072 | D:8      | Reached XP level 10. HP: 50/50 MP: 8/21
  9260 | D:8      | Reached skill level 11 in Earth Magic
  9492 | D:9      | Noticed Erica
  9562 | D:9      | Killed Erica
 10181 | D:9      | Reached skill level 1 in Fighting
 10181 | D:9      | Reached skill level 1 in Shields
 10625 | D:9      | Found an ancient bone altar of Kikubaaqudgha.
 10634 | D:9      | Found a shadowy altar of Dithmenos.
 10634 | D:9      | Found a basalt altar of Yredelemnul.
 10962 | D:9      | Found Caequit's Magic Scroll Shop.
 10965 | D:9      | Bought a scroll of identify for 28 gold pieces
 10965 | D:9      | Bought a scroll of identify for 28 gold pieces
 10965 | D:9      | Bought a scroll of blinking for 105 gold pieces
 10965 | D:9      | Bought a scroll of teleportation for 42 gold pieces
 11026 | D:10     | Entered Level 10 of the Dungeon
 11047 | D:10     | Found a staircase to the Orcish Mines.
 11202 | D:10     | Reached skill level 12 in Earth Magic
 11285 | D:10     | Killed an unseen horror
 11286 | D:10     | Reached XP level 11. HP: 56/60 MP: 10/23
 11506 | D:10     | Reached skill level 1 in Air Magic
 11712 | D:10     | Found an iron altar of Okawaru.
 11714 | D:10     | Found a hide-covered altar of Uskayaw.
 11714 | D:10     | Found a hazy altar of Hepliaklqana.
 12022 | D:10     | Identified the +1 pair of gloves "Irhiudgh" {rF+}
 12080 | D:10     | Found a bloodstained altar of Trog.
 12105 | D:10     | Learned a level 2 spell: Passwall
 12145 | D:10     | Found a radiant altar of Vehumet.
 12147 | D:10     | Became a worshipper of Vehumet
 12247 | D:11     | Noticed Josephine
 12258 | D:11     | Killed Josephine
 12437 | D:11     | Noticed a yaktaur captain
 12438 | D:11     | Noticed a deep elf pyromancer
 12440 | D:11     | Noticed Maurice
 12447 | D:11     | Killed Maurice
 12465 | D:11     | Noticed Grum
 12491 | D:11     | Noticed a death yak
 12492 | D:11     | a death yak changed into a quicksilver ooze
 12492 | D:11     | Noticed a quicksilver ooze (glowing shapeshifter)
 12495 | D:11     | Noticed a tengu warrior
 12509 | D:11     | Noticed a dire elephant
 12509 | D:11     | a dire elephant changed into a sphinx
 12509 | D:11     | Noticed a sphinx (glowing shapeshifter)
 12518 | D:11     | Killed Grum
 12520 | D:11     | Reached * piety under Vehumet
 12520 | D:11     | Offered knowledge of Foxfire by Vehumet.
 12708 | D:11     | Found a transporter.
 12708 | D:11     | Noticed a golden dragon
 12713 | D:11     | Found Sefoum's Weapon Boutique.
 12837 | D:11     | Found a transporter.
 12853 | D:11     | Noticed a cyclops
 12854 | D:11     | a cyclops changed into an elephant
 12856 | D:11     | an elephant changed into a lindwurm
 12856 | D:11     | Noticed a lindwurm (glowing shapeshifter)
 12858 | D:11     | a lindwurm changed into a redback
 12863 | D:11     | a redback changed into a deep troll
 12863 | D:11     | Noticed a deep troll (glowing shapeshifter)
 12868 | D:11     | a deep troll changed into a shock serpent
 12868 | D:11     | Noticed a shock serpent (glowing shapeshifter)
 12870 | D:11     | a shock serpent changed into a merfolk
 12874 | D:11     | a merfolk changed into an anaconda
 12874 | D:11     | Noticed an anaconda (glowing shapeshifter)
 12875 | D:11     | an anaconda changed into a skyshark
 12875 | D:11     | Noticed a skyshark (glowing shapeshifter)
 12876 | D:11     | a skyshark changed into an orb spider
 12876 | D:11     | Noticed an orb spider (glowing shapeshifter)
 12878 | D:11     | Found Axewk's Magic Scroll Shoppe.
 12879 | D:11     | an orb spider changed into a steelbarb worm
 12879 | D:11     | Noticed a steelbarb worm (glowing shapeshifter)
 12881 | D:11     | a steelbarb worm changed into a shining eye
 12881 | D:11     | Noticed a shining eye (glowing shapeshifter)
 12929 | D:11     | Noticed a mana viper
 12997 | D:11     | Found a staircase to the Lair.
 13055 | D:11     | Reached skill level 5 in Fighting
 13055 | D:11     | Reached skill level 5 in Shields
 13175 | D:11     | Found a glowing golden altar of the Shining One.
 13221 | Lair:1   | Entered Level 1 of the Lair of Beasts
 13230 | Lair:1   | Learned a level 2 spell: Poisonous Vapours
 13276 | Lair:1   | Reached XP level 12. HP: 68/68 MP: 15/25
 14250 | Lair:1   | Noticed Urug
 14264 | Lair:1   | Killed Urug
 14265 | Lair:1   | Reached skill level 13 in Earth Magic
 14497 | Lair:1   | Reached ** piety under Vehumet
 14497 | Lair:1   | Offered knowledge of Shock by Vehumet.
 14757 | Lair:2   | Found a gate leading to a gauntlet.
 14898 | Lair:2   | Reached skill level 5 in Air Magic
 15257 | Lair:2   | Learned a level 4 spell: Airstrike
 15380 | Lair:2   | You fall into a shaft and drop 1 floor!
 15617 | Lair:2   | Offered knowledge of Momentum Strike by Vehumet.
 16072 | Lair:2   | Found a staircase to the Shoals.
 16337 | Lair:2   | Found a hole to the Spider Nest.
 16734 | Lair:3   | Reached *** piety under Vehumet
 16740 | Lair:3   | Learned a level 4 spell: Fulminant Prism
 16883 | Lair:3   | Noticed a seven-headed hydra
 16892 | Lair:3   | Killed a seven-headed hydra
 16893 | Lair:3   | Reached XP level 13. HP: 78/78 MP: 5/26
 18080 | Lair:4   | Reached skill level 10 in Spellcasting
 18166 | Lair:4   | Got Sif Muna's Compendium of the Warped Jinx
 18237 | Lair:4   | Found a transporter.
 18241 | Lair:4   | Noticed Golzeb's ghost (journeyman DsFi)
 18242 | Lair:4   | Found a transporter.
 18248 | Lair:4   | Learned a level 2 spell: Searing Ray
 18270 | Lair:4   | Found a viscous altar of Jiyva.
 18373 | Lair:4   | Offered knowledge of Ignite Poison by Vehumet.
 18910 | Lair:5   | Entered Level 5 of the Lair of Beasts
 19415 | Lair:4   | Reached skill level 10 in Conjurations
 19789 | Lair:5   | Reached skill level 14 in Earth Magic
 20281 | Orc:1    | Entered Level 1 of the Orcish Mines
 20281 | Orc:1    | Noticed Harold
 20795 | D:11     | Noticed a sphinx
 20795 | D:11     | a sphinx changed into a quicksilver dragon
 20795 | D:11     | Noticed a quicksilver dragon (glowing shapeshifter)
 20805 | D:11     | a quicksilver dragon changed into an eleionoma
 20805 | D:11     | Noticed an eleionoma (glowing shapeshifter)
 20808 | D:11     | an eleionoma changed into an alligator snapping turtle
 20891 | D:11     | an alligator snapping turtle changed into a dire elephant
 20891 | D:11     | Noticed a dire elephant (glowing shapeshifter)
 20894 | D:11     | a dire elephant changed into a sphinx
 20894 | D:11     | Noticed a sphinx (glowing shapeshifter)
 20898 | D:11     | a sphinx changed into an iron troll
 20900 | D:11     | an iron troll changed into a frost giant
 20900 | D:11     | Noticed a frost giant (glowing shapeshifter)
 20901 | D:11     | a frost giant changed into a fire giant
 20901 | D:11     | Noticed a fire giant (glowing shapeshifter)
 20903 | D:11     | a fire giant changed into a quicksilver dragon
 20903 | D:11     | Noticed a quicksilver dragon (glowing shapeshifter)
 20909 | D:11     | a quicksilver dragon changed into a frost giant
 20909 | D:11     | Noticed a frost giant (glowing shapeshifter)
 20915 | D:11     | a frost giant changed into a stone giant
 20915 | D:11     | Noticed a stone giant (glowing shapeshifter)
 20918 | D:11     | a stone giant changed into a sphinx
 20918 | D:11     | Noticed a sphinx (glowing shapeshifter)
 20919 | D:11     | a sphinx changed into an emperor scorpion
 20919 | D:11     | Noticed an emperor scorpion (glowing shapeshifter)
 20949 | D:11     | Noticed a fenstrider witch
 20949 | D:11     | a fenstrider witch changed into a fire giant
 20949 | D:11     | Noticed a fire giant (glowing shapeshifter)
 20950 | D:11     | a fire giant changed into a sphinx
 20950 | D:11     | Noticed a sphinx (glowing shapeshifter)
 20952 | D:11     | a sphinx changed into a fire giant
 20952 | D:11     | Noticed a fire giant (glowing shapeshifter)
 20955 | D:11     | a fire giant changed into a golden dragon
 20955 | D:11     | Noticed a golden dragon (glowing shapeshifter)
 20960 | D:12     | Reached **** piety under Vehumet
 21106 | D:12     | Found a transporter.
 21218 | D:11     | an alligator snapping turtle changed into a stone giant
 21218 | D:11     | Noticed a stone giant (glowing shapeshifter)
 21219 | D:11     | a stone giant changed into a storm dragon
 21219 | D:11     | Noticed a storm dragon (glowing shapeshifter)
 21221 | D:11     | a storm dragon changed into an alligator
 21247 | D:12     | Offered knowledge of Hailstorm by Vehumet.
 21541 | D:12     | Found a bloodstained altar of Trog.
 21692 | D:12     | Noticed a tentacled starspawn
 21705 | D:12     | Noticed a great orb of eyes
 21725 | D:12     | Noticed Sonja
 21732 | D:12     | Reached skill level 10 in Fighting
 21734 | D:12     | Killed Sonja
 21735 | D:12     | Gained mutation: Your large and strong wings let you fly.
                  | [Gargoyle growth]
 21735 | D:12     | Reached XP level 14. HP: 68/88 MP: 23/28
 21876 | D:12     | Found a transporter.
 21888 | D:12     | Found a one-way gate to the infinite horrors of the Abyss.
 21895 | D:12     | Noticed Uvvog's ghost (journeyman GnNe)
 21903 | D:12     | Found a flickering gateway to a bazaar.
 21912 | Bazaar   | Entered a bazaar
 21912 | Bazaar   | Found Quahous's Book Emporium.
 21912 | Bazaar   | Found Diozak Simn's Antique Weapon Emporium.
 21913 | Bazaar   | Found Kousuozu's Magic Scroll Shoppe.
 21913 | Bazaar   | Found Namuniwn's Weapon Shoppe.
 21920 | Bazaar   | Bought a book of the Earth for 504 gold pieces
 22744 | D:11     | an alligator changed into a broodmother
 22744 | D:11     | Noticed a broodmother (glowing shapeshifter)
 22750 | D:11     | a broodmother changed into a jorogumo
 22753 | D:11     | a jorogumo changed into a broodmother
 22753 | D:11     | Noticed a broodmother (glowing shapeshifter)
 22757 | D:11     | a broodmother changed into a spark wasp
 22831 | Shoals:1 | Entered Level 1 of the Shoals
 22833 | Shoals:1 | Noticed Donald
 22848 | Lair:2   | Killed Donald
 23355 | Lair:2   | HP: 2/88 [merfolk impaler/+0 trident (10)]
 23356 | Lair:2   | Slain by an alligator snapping turtle

Illustrated notes

Levels and vault maps discovered:
D:1:      nicolae_arrival_washed_ashore, layout_loops_cross,
          minmay_tree_intersection
D:2:      layout_rooms, serial_shops, shop
D:3:      layout_loops_ring, serial_shops, nicolae_shop_gaudy_bauble
D:4:      layout_gridville, uniq_menkaure
D:5:      layout_basic
D:6:      layout_loops_corners, minmay_temple_entry_hall, minmay_lizard_king
D:7:      layout_basic, uniq_joseph
D:8:      layout_basic, serial_shops, shop
D:9:      layout_loops_ring, minitemple, serial_shops, nicolae_shop_rolled_up,
          amcnicky_mini_corridor_feature, minmay_misc_feat_alley, uniq_erica
D:10:     layout_roguey, nicolae_overflow_hidden_temple
D:11:     gammafunk_sealed_arena, layout_rooms, due_lair_maze_entry_diamond,
          serial_shops, shop, nicolae_shop_crystal, tso_oasis_becter,
          uniq_maurice, uniq_grum, uniq_josephine
D:12:     layout_loops_ring, gammafunk_ghost_abyssal_escape, serial_shops,
          bzr_entry_water, trog_butcher_becter, uniq_sonja
D:13:     layout_roguey, skrybe_vaults_entry_preservation
Temple:   zaba_magenta_temple
Lair:1:   layout_hall_layers, minmay_holes, grunt_megastairs_5,
          serial_bayou_shore_b, uniq_urug
Lair:2:   layout_loops_ring, elwin_shoals_entry_stream,
          hellmonk_spider_entry_life_and_decay, gauntlet_entry_generic
Lair:3:   layout_chaotic_city, beast_lair_carwin_10, grunt_megastairs_2
Lair:4:   layout_cave_pods, minmay_slime_entry_oklob_open,
          gammafunk_ghost_arena, lemuel_fruit_tree
Lair:5:   minmay_lair_end_enchanted_forest, layout_small_grid,
          serial_bayou_shore_a
Shoals:1: layout_shoals, dpeg_stationary_puzzle, uniq_donald
Orc:1:    layout_caves, gammafunk_ghost_split, mines1_david, uniq_erolcha,
          uniq_harold

Skill      XL: |  1  2  3  4  5  6  7  8  9 10 11 12 13 |
---------------+----------------------------------------+-----
Earth Magic    | 4 5 6 7 8 10 12 13 14 | 14.6
Spellcasting   | 3 4 5 6 7 8 9 10 | 10.7
Conjurations   | 1 2 3 4 5 7 8 9 11 | 11.6
Transmutations | 1 3 4 |  4.6
Fighting       | 3 5 7 10 | 10.7
Shields        | 3 5 6 8 |  8.5
Air Magic      | 4 6 |  6.9
Dodging        | |  1.5
Stealth        | |  2.1

Action                     |  1- 3 |  4- 6 |  7- 9 | 10-12 | 13-15 || total
---------------------------+-------+-------+-------+-------+-------++-------
  Melee: Dagger            |       |       |     2 |       |       ||     2
         Staff             |       |       |       |     5 |     7 ||    12
   Cast: Sandblast         |    56 |    84 |   146 |   235 |   193 ||   714
         Stone Arrow       |       |     2 |    31 |   141 |    96 ||   270
         Lee's Rapid Decon |       |       |    11 |    19 |    14 ||    44
         Petrify           |       |       |     5 |     8 |     9 ||    22
         Passwall          |       |       |       |     3 |       ||     3
         Poisonous Vapours |       |       |       |     9 |    30 ||    39
         Swiftness         |       |       |       |     1 |       ||     1
         Fulminant Prism   |       |       |       |       |    11 ||    11
         Airstrike         |       |       |       |       |     3 ||     3
  Evoke: Tin of tremorston |       |       |       |     2 |       ||     2
    Use: Scroll            |       |     4 |     6 |     4 |     7 ||    21
         Potion            |       |       |       |     2 |     7 ||     9
 Armour: Robe              |     3 |     6 |    34 |     5 |       ||    48
         Steam dragon scal |       |       |       |    74 |    85 ||   159
  Dodge: Dodged            |     7 |    17 |    52 |   130 |   138 ||   344
  Block: Kite shield       |       |       |       |    67 |   114 ||   181
         Reflection        |       |       |       |       |     3 ||     3
